 Dungeon Crawl Stone Soup version 0.23-a0-395-gcf17ac6 (webtiles) character file.

1524 rabbit the Cudgeler (level 8, -4/51 HPs)
             Began as a Gargoyle Fighter on Nov 1, 2018.
             Was a Priest of Okawaru.
             Killed by divine providence
             ... invoked by an orc priest
              (8 damage)
             ... on level 6 of the Dungeon.
             The game lasted 00:17:32 (6541 turns).

rabbit the Cudgeler (Gargoyle Fighter)              Turns: 6541, Time: 00:17:33

Health: -4/51      AC: 16    Str: 21    XL:     8   Next: 84%
Magic:  8/8        EV:  8    Int:  5    God:    Okawaru [***...]
Gold:   253        SH: 11    Dex:  9    Spells: 7/7 levels left

rFire    . . .     SeeInvis .   a - +0 flail
rCold    . . .     Gourm    .   c - +1 shield
rNeg     + . .     Faith    .   m - +0 scale mail
rPois    ∞         Spirit   .   k - +1 helmet
rElec    +         Reflect  .   y - +0 cloak
rCorr    .         Harm     .   (no gloves)
MR       .....                  (no boots)
Stlth    ..........             (no amulet)
HPRegen  0.17/turn              g - -5 ring of intelligence (curse)
MPRegen  0.11/turn              (no ring)

@: no status effects
A: negative energy resistance 1, electricity resistance, unbreathing,
petrification resistance, rot immunity, AC +5
a: Heroism, Renounce Religion


You were on level 6 of the Dungeon.
You worshipped Okawaru.
Okawaru was most pleased with you.
You were hungry.

You visited 1 branch of the dungeon, and saw 6 of its levels.

You collected 253 gold pieces.

Inventory:

Hand Weapons
 a - a +0 flail (weapon)
 b - a +0 hunting sling
Missiles
 i - 96 stones (quivered)
 p - 10 sling bullets
 t - 49 bolts
Armour
 c - a +1 shield (worn)
 k - a +1 helmet (worn)
 m - a +0 scale mail (worn)
 w - a +0 ring mail
 y - a +0 cloak (worn)
Jewellery
 g - a cursed -5 ring of intelligence (left hand)
 s - an uncursed ring of ice
Wands
 d - a wand of paralysis (4)
 r - a wand of flame (10)
Scrolls
 h - 4 scrolls of teleportation
 n - 6 scrolls of identify
 o - a scroll of blinking
 v - 2 scrolls of remove curse {unknown}
Potions
 e - 2 potions of flight
 j - 2 potions of curing {unknown}
 l - 2 potions of agility
 q - a potion of brilliance {unknown}
 u - a potion of haste {unknown}
 x - 2 potions of heal wounds {unknown}
Comestibles
 f - 9 rations


   Skills:
 + Level 6.2 Fighting
 * Level 7.0 Maces & Flails
 + Level 6.2 Armour
 + Level 6.2 Shields


You had 7 spell levels left.
You didn't know any spells.
Your spell library was empty.

Dungeon Overview and Level Annotations

Branches:
Dungeon (6/15)             Temple (0/1) D:4

Altars:
Okawaru


Innate Abilities, Weirdness & Mutations

You are resistant to torment.
Your stone body is resilient. (AC +5)
You are immune to poison.
You resist negative energy. (rN+)
You are resistant to electric shocks. (rElec)
You can survive without breathing.
You are immune to petrification.
You are immune to rotting.


Message History

You block the orc priest's attack. x2; The orc hits you but does no damage.
You hit the orc priest but do no damage.
The orc priest is almost dead.
The orc priest mumbles some strange prayers to Beogh against you.
Beogh smites you!
* * * LOW HITPOINT WARNING * * *
You block the orc priest's attack. The orc hits you but does no damage.
You are too injured to fight recklessly!
You hit the orc priest but do no damage.
You block the orc priest's attack.
The orc priest hits you but does no damage.
You block the orc's attack.
The orc priest invokes the aid of Beogh against you.
Beogh smites you!
* * * LOW HITPOINT WARNING * * *
The orc priest hits you but does no damage.
You closely miss the orc priest. The orc closely misses you.
The orc priest invokes the aid of Beogh against you.
Beogh smites you!
You die...

#..............##...#.#.#...###..
...#.........#####..((####..#
..##.÷.........# #....(....##
...#..........>###.(........#
.###................(..(....##...
.# #...................(.........
.###......)#.........(.....# ...#
.........)##...÷.o..((..(..#.....
...............(@o..(..(.###...(.
##.....##....)...o.#..(...#...(..
...................#.(...)..(.(.#
........................(.....:..
#.....................>..........
....................##...........
#...###.....(.###(.....(.........
#..## #...###.#...##........#...#
#### #.... #.....<...........###


You could see 2 orc priests and an orc.

Vanquished Creatures
  Menkaure (D:5)
  A phantom (D:6)
  2 ice beasts
  An ogre (D:6)
  A centaur (D:5)
  Blork the orc (D:6)
  A wyvern zombie (D:6)
  A bullfrog (D:6)
  2 crimson imps
  A bullfrog zombie (D:5)
  2 hounds (D:5)
  A jelly (D:6)
  A quasit (D:5)
  A bullfrog skeleton (D:5)
  4 orc priests
  2 orc wizards
  A centaur skeleton (D:4)
  Ijyb (D:5)
  A worker ant (D:4)
  A worker ant zombie (D:5)
  Robin (D:3)
  7 adders
  3 gnolls (D:6)
  2 shadow imps
  An adder zombie (D:5)
  6 worms
  6 dart slugs
  4 leopard geckos
  14 orcs
  5 bats
  7 giant cockroaches
  19 goblins
  7 hobgoblins
  3 jackals (D:4)
  3 quokkas
  2 ball pythons
  6 frilled lizards
  7 kobolds
  6 rats
136 creatures vanquished.

Notes
Turn   | Place    | Note
-------+----------+-------------------------------------------
     0 | D:1      | rabbit the Gargoyle Fighter began the quest for the Orb.
     0 | D:1      | Reached XP level 1. HP: 14/14 MP: 1/1
   128 | D:1      | Reached XP level 2. HP: 11/19 MP: 2/2
   526 | D:1      | Reached XP level 3. HP: 23/23 MP: 3/3
  1325 | D:2      | Reached skill level 3 in Maces & Flails
  1350 | D:2      | Reached XP level 4. HP: 29/29 MP: 4/4
  1655 | D:2      | Found an iron altar of Okawaru.
  1676 | D:2      | Became a worshipper of Warmaster Okawaru
  2342 | D:3      | Noticed Robin
  2361 | D:3      | Killed Robin
  2569 | D:3      | Reached XP level 5. HP: 33/33 MP: 5/5
  3328 | D:4      | Found a staircase to the Ecumenical Temple.
  3603 | D:4      | Reached skill level 4 in Maces & Flails
  3608 | D:4      | Reached XP level 6. HP: 20/39 MP: 6/6
  4092 | D:5      | Entered Level 5 of the Dungeon
  4120 | D:5      | Reached * piety under Okawaru
  4645 | D:5      | Reached XP level 7. HP: 35/44 MP: 7/7
  4742 | D:5      | Reached skill level 5 in Maces & Flails
  4789 | D:5      | Reached skill level 5 in Armour
  4821 | D:5      | Noticed Ijyb
  4828 | D:5      | Killed Ijyb
  4828 | D:5      | Reached skill level 5 in Fighting
  4828 | D:5      | Reached skill level 5 in Shields
  4965 | D:5      | Noticed Menkaure
  5025 | D:5      | Killed Menkaure
  5552 | D:5      | Reached ** piety under Okawaru
  5814 | D:6      | Reached XP level 8. HP: 46/49 MP: 8/8
  5862 | D:6      | Reached skill level 6 in Maces & Flails
  6092 | D:6      | Noticed Blork the orc
  6126 | D:6      | Killed Blork the orc
  6296 | D:6      | Reached *** piety under Okawaru
  6536 | D:6      | Reached skill level 7 in Maces & Flails
  6541 | D:6      | Killed from afar by an orc priest

Vault maps used:
D:1:      dpeg_arrival_short_road, minmay_tall_x
D:2:      first_ration, minmay_misc_feat_room, okawaru_ov_weapons_minmay
D:3:      grunt_ministairs_6, uniq_robin
D:4:      minmay_temple_entry_junction
D:5:      dk_rats_in_the_wall, uniq_menkaure, uniq_sigmund, uniq_ijyb
D:6:      bloody_trog, uniq_blork_the_orc

Skill      XL: |  1  2  3  4  5  6  7  8 |
---------------+-------------------------+-----
Maces & Flails | 3 4 5 7 |  7.0
Armour         | 4 5 6 |  6.2
Fighting       | 4 5 6 |  6.2
Shields        | 4 5 6 |  6.2

Action                   |  1- 3 |  4- 6 |  7- 9 || total
-------------------------+-------+-------+-------++-------
Melee: Flail             |   123 |   329 |   174 ||   626
 Fire: Hunting sling     |    29 |    26 |    97 ||   152
Invok: Heroism           |       |       |     1 ||     1
Evoke: Wand              |       |       |     2 ||     2
  Use: Scroll            |     1 |     6 |       ||     7
       Potion            |       |       |     1 ||     1
 Stab: Paralysed         |       |       |     9 ||     9
  Eat: Chunk             |     1 |    11 |     3 ||    15
       Ration            |       |       |     1 ||     1
Armor: Scale mail        |    58 |   155 |   117 ||   330
Dodge: Dodged            |    38 |    76 |    45 ||   159
Block: Shield            |    62 |   143 |   110 ||   315

Table legend:
 A = Non-vault XP
 B = Vault XP
 C = Vault XP percentage of total XP
 D = Non-vault monster count
 E = Vault monster count
 F = Vault count percentage of total count
                 A         B        C        D         E       F
            +---------+---------+-------+---------+---------+-------
      Total |    1824 |     354 |  16.3 |     113 |      23 |  16.9
            +---------+---------+-------+---------+---------+-------
        D:1 |      48 |       5 |   9.4 |      23 |       4 |  14.8
        D:2 |      54 |       0 |   0.0 |      21 |       0 |   0.0
        D:3 |      88 |      49 |  35.8 |      16 |      16 |  50.0
        D:4 |     138 |       0 |   0.0 |      12 |       0 |   0.0
        D:5 |     659 |     201 |  23.4 |      20 |       2 |   9.1
        D:6 |     837 |      99 |  10.6 |      21 |       1 |   4.5
            +---------+---------+-------+---------+---------+-------
